Map: Ever Dream LE

Players

INnoVation

  • Race: Terran Terran
  • League: Master
  • Spawn Location: 1:00

Trap - Winner!

  • Race: Protoss Protoss
  • League: Master
  • Spawn Location: 7:00

Event: Shopify TSL 5

VOD

Have the link to the VOD?

Description

Time

  • Played on: June 7, 2020, 8:58 a.m.
  • Length: 8:55

All games in this series

Show
View Real Time Build Order
Export as new Build Order

INnoVation Terran 

Build Orders: Reaper Expand, Mech 

Get SALT Encoding   

  12  0:00  SCV  
  13  0:12  SCV  
  14  0:17  Supply Depot  
  14  0:24  SCV  
  15  0:38  SCV  
  15  0:40  Barracks  
  16  0:43  Refinery  
  16  0:50  SCV  
  17  1:02  SCV  
  18  1:15  SCV  
  19  1:27  Reaper, Orbital Command  
  20  1:42  Command Center  
  20  1:52  Supply Depot  
  20  1:53  SCV  
  21  1:58  Marine  
  22  2:05  SCV  
  23  2:09  Factory  
  23  2:16  Refinery  
  23  2:20  SCV  
  23  2:22  Barracks Reactor  
  24  2:27  Bunker  
  24  2:32  SCV  
  25  2:44  SCV  
  26  2:53  Hellion  
  26  2:54  Starport  
  26  2:56  Orbital Command  
  26  2:58  SCV  
  29  3:02  Marine  
  30  3:05  Marine  
  30  3:10  SCV  
  32  3:15  Widow Mine  
  34  3:20  Marine  
  34  3:23  SCV, Marine  
  34  3:31  Medivac  
  34  3:32  SCV  
  36  3:35  SCV  
  36  3:37  Widow Mine  
  36  3:38  Supply Depot  
  39  3:42  Marine  
  39  3:46  SCV  
  39  3:47  SCV  
  43  3:53  Supply Depot  
  42  3:58  Marine  
  42  3:59  SCV x2, Factory Tech Lab  
  42  4:00  Marine  
  42  4:01  Starport Tech Lab  
  46  4:11  SCV  
  46  4:12  SCV  
  48  4:17  Marine, Supply Depot  
  48  4:18  Marine  
  48  4:19  Raven  
  52  4:24  SCV x2  
  52  4:27  Siege Tank  
  57  4:35  Command Center  
  57  4:39  SCV x2  
  57  4:43  Refinery  
  57  4:44  Refinery  
  59  4:46  Marine x2  
  59  4:49  Supply Depot  
  59  4:51  SCV x2  
  63  5:02  Banshee  
  63  5:03  SCV x2  
  68  5:11  Siege Tank  
  68  5:13  Supply Depot  
  69  5:15  SCV x2, Marine x2  
  73  5:27  SCV x2  
  75  5:31  Factory x2  
  75  5:33  Supply Depot  
  77  5:36  Marine x2  
  77  5:41  SCV x2  
  79  5:44  Banshee  
  79  5:47  Orbital Command  
  82  5:50  Siege Tank  
  82  5:53  SCV x2  
  82  5:56  Engineering Bay  
  87  6:05  SCV x2  
  87  6:06  Supply Depot  
  87  6:09  Cloaking Field  
  89  6:18  SCV x2  
  89  6:21  Factory Tech Lab  
  89  6:25  Missile Turret  
  91  6:28  Banshee  
  91  6:29  Supply Depot  
  91  6:32  Missile Turret  
  94  6:35  Hellion, Siege Tank  
  94  6:36  SCV x2, Missile Turret, Hellion  
  103  6:48  SCV x2, Missile Turret  
  105  6:57  Hellion x2, Supply Depot  
  105  6:58  Siege Tank  
  105  7:00  SCV x2  
  114  7:07  Siege Tank  
  117  7:14  SCV x2  
  119  7:18  Orbital Command, Banshee  
  122  7:27  SCV x2  
  124  7:41  SCV x2  
  124  7:42  Refinery  
  126  7:44  Siege Tank x2  
  126  7:45  Hellion x2, Refinery  
  101  7:53  SCV  
  101  7:56  SCV x2  
  88  8:01  Banshee  
  88  8:05  SCV  
  82  8:08  Hellion x2  
  84  8:12  SCV  
  84  8:16  Siege Tank x2  
  84  8:17  SCV  
  71  8:32  SCV x2  
Show
View Real Time Build Order
Export as new Build Order

Trap Protoss - Winner!

Build Orders: 1 Gate Expand, Blink Stalkers 

Get SALT Encoding   

  12  0:00  Probe  
  13  0:12  Probe  
  14  0:17  Pylon  
  14  0:24  Probe (Chrono Boost)  
  15  0:36  Probe (Chrono Boost), Gateway  
  16  0:44  Probe (Chrono Boost)  
  16  0:45  Assimilator  
  17  0:51  Probe  
  18  1:03  Probe  
  19  1:15  Probe  
  20  1:23  Cybernetics Core  
  20  1:33  Nexus  
  20  1:40  Pylon  
  20  1:42  Probe  
  21  1:48  Assimilator  
  21  1:54  Probe  
  21  1:57  Adept (Chrono Boost)  
  21  2:01  Warp Gate  
  24  2:06  Probe  
  25  2:17  Adept (Chrono Boost)  
  25  2:18  Probe  
  28  2:26  Twilight Council  
  27  2:30  Probe  
  28  2:39  Stalker  
  31  2:46  Probe (Chrono Boost)  
  31  2:47  Probe (Chrono Boost)  
  32  2:55  Probe (Chrono Boost)  
  32  2:57  Probe (Chrono Boost)  
  34  3:00  Probe (Chrono Boost), Blink (Chrono Boost)  
  35  3:07  Probe  
  36  3:13  Probe, Gateway  
  36  3:19  Probe  
  38  3:25  Probe  
  39  3:31  Probe  
  39  3:33  Robotics Facility  
  38  3:37  Probe, Pylon  
  39  3:43  Probe  
  40  3:48  Stalker  
  40  3:51  Probe  
  40  3:52  Shield Battery  
  40  3:55  Probe  
  44  3:57  Gateway  
  44  4:03  Probe  
  44  4:07  Probe  
  46  4:10  Nexus  
  46  4:16  Stalker  
  48  4:17  Stalker  
  48  4:19  Probe  
  48  4:20  Observer, Probe  
  48  4:23  Assimilator  
  53  4:25  Pylon  
  53  4:32  Probe  
  53  4:33  Pylon  
  53  4:37  Pylon  
  54  4:42  Stalker  
  54  4:43  Observer, Probe, Stalker  
  60  4:49  Gateway  
  60  4:50  Charge  
  60  4:54  Probe  
  60  4:55  Probe  
  61  5:16  Warp Prism (Chrono Boost)  
  61  5:18  Gateway  
  61  5:20  Sentry x2  
  67  5:25  Gateway  
  67  5:28  Gateway  
  67  5:29  Probe  
  67  5:31  Probe x2  
  70  5:35  Pylon  
  70  5:37  Probe  
  71  5:43  Probe x2  
  71  5:47  Immortal (Chrono Boost), Probe  
  77  5:55  Probe x2, Pylon  
  80  6:02  Zealot x2  
  80  6:03  Zealot  
  86  6:07  Forge  
  86  6:10  Probe  
  86  6:11  Probe x2  
  89  6:14  Shield Battery  
  89  6:20  Immortal (Chrono Boost)  
  89  6:23  Pylon  
  93  6:27  Stalker x2  
  97  6:34  Sentry, Zealot x2  
  97  6:35  Zealot  
  105  6:45  Protoss Ground Weapons Level 1 (Chrono Boost)  
  105  6:52  Assimilator  
  105  6:55  Zealot x5  
  105  6:58  Zealot  
  117  7:02  Pylon  
  117  7:05  Templar Archives, Pylon  
  117  7:07  Assimilator  
  117  7:11  Assimilator  
  117  7:19  Probe  
  117  7:20  Probe x2  
  117  7:21  Stalker x3  
  123  7:34  Zealot x3  
  129  7:38  Gateway  
  129  7:40  Gateway  
  128  7:47  Observer  
  128  7:50  Stalker x3  
  117  7:54  Stalker x3  
  117  7:55  Probe  
  116  8:05  Observer (Chrono Boost)  
  96  8:18  Zealot x2  
  96  8:19  Zealot x4  
  76  8:38  Stalker x2  
Tags
 
Add a new tag
Caveats
  • Supply blocks, unpowered buildings, or Contaminate may cause inaccurate times.
  • Supply counts are checked every 10 seconds.